 Dungeon Crawl Stone Soup version 0.22-a0-32-ga749362bc3 (webtiles) character file.

168 NixNut the Changer (level 5, -8/38 HPs)
             Began as a Human Wanderer on Jan 3, 2018.
             Killed by divine providence
             ... invoked by an orc priest
              (13 damage)
             ... on level 3 of the Dungeon.
             The game lasted 00:19:37 (4066 turns).

NixNut the Changer (Human Wanderer)                 Turns: 4066, Time: 00:19:38

Health: -8/38      AC:  2    Str: 14    XL:     5   Next: 78%
Magic:  8/9        EV: 18    Int: 14    God:
Gold:   38         SH:  0    Dex: 15    Spells: 5/9 levels left

rFire    . . .     SeeInvis .   (weapon currently unavailable)
rCold    . . .     Gourm    .   (shield currently unavailable)
rNeg     . . .     Faith    .   (armour currently unavailable)
rPois    x         Spirit   .   (helmet currently unavailable)
rElec    .         Reflect  .   (cloak currently unavailable)
rCorr    .         Harm     .   (gloves currently unavailable)
MR       .....                  (boots currently unavailable)
Stlth    +.........             (no amulet)
HPRegen  0.12/turn              (no ring)
MPRegen  0.11/turn              (no ring)

@: spider-form (expiring), very slow
A: tiny
a: End Transformation


You were on level 3 of the Dungeon.
You were not hungry.
You were a venomous arachnid creature.
You visited 1 branch of the dungeon, and saw 3 of its levels.

You collected 38 gold pieces.

Inventory:

Hand Weapons
 e - a +0 club
 f - a +0 dagger (melded)
 n - a +0 hunting sling
Armour
 a - a +0 shield
 d - a +0 robe (melded)
 o - a +0 chain mail
Scrolls
 b - a scroll of teleportation
 i - a scroll of fog
 k - a scroll of magic mapping {unknown}
 l - a scroll of identify
 m - a scroll of enchant weapon {unknown}
 p - 2 scrolls of fear {unknown}
Potions
 h - a potion of resistance {unknown}
 j - a potion of degeneration {unknown}
 q - a potion of haste {unknown}
 r - a potion of might {unknown}
 s - a potion of cancellation {unknown}
 t - a potion of brilliance {unknown}
Books
 c - the Collected Works on Moulding

   Spells                             Type                      Level
   a - Beastly Appendage              Transmutation                1
   b - Spider Form                    Transmutation/Poison         3
Comestibles
 g - 5 rations
 u - 2 chunks of flesh


   Skills:
 - Level 2.0 Fighting
 - Level 0.7 Short Blades
 + Level 1.3 Dodging
 - Level 2.5 Stealth
 - Level 1.0 Shields
 + Level 2.8 Spellcasting
 * Level 2.8 Transmutations
   Level 2.0 Ice Magic
 * Level 2.3 Poison Magic


You had 5 spell levels left.
You knew the following spells:

 Your Spells              Type           Power        Failure   Level  Hunger
a - Beastly Appendage     Tmut           #.....       19%         1    #......
s - Spider Form           Tmut/Pois      #.........   43%         3    ###....


Dungeon Overview and Level Annotations

Branches:
Dungeon (3/15)

Altars:
Cheibriados


Message History

You hit the orc priest but do no damage.
The orc priest barely misses you.
You hit the orc priest.
The orc priest is poisoned.
The orc priest is lightly wounded.
Your unstable footing causes you to fumble your attack.
The orc priest closely misses you.
You hit the orc priest but do no damage.
The orc priest looks even sicker.
The orc priest is moderately wounded.
The orc priest looks encouraged for a moment.
Your unstable footing causes you to fumble your attack.
The orc priest invokes the aid of Beogh against you.
Beogh smites you!
* * * LOW HITPOINT WARNING * * *
You hit the orc priest but do no damage.
The orc priest looks as sick as possible!
The orc priest is heavily wounded.
The orc priest mumbles some strange prayers to Beogh against you.
Beogh smites you!
You die...

###.###.#.).≈≈P≈≈♣
#.# #.♣...≈≈≈≈≈♣#
#.# #≈≈≈...P≈≈≈≈##
#.# ♣≈≈≈..≈≈≈≈≈≈≈#
+.# ♣≈≈...!≈≈≈≈≈≈♣
### ♣≈≈....≈≈P≈≈P♣
♣≈P≈...♣≈P≈≈♣♣
♣♣≈≈...≈≈o≈≈≈♣
♣P≈≈....s≈≈≈P♣
♣P≈≈....≈≈≈≈≈♣
♣≈≈≈...P≈≈♣♣≈.#
#≈♣≈P..≈≈≈.. ...
##≈♣P..♣♣[.## #
##♣P... .## ≈≈..$
## ###..


You could see an orc priest.

Vanquished Creatures
  An orc priest (D:3)
  Terence (D:2)
  4 adders (D:2)
  2 oozes
  3 dart slugs (D:2)
  2 leopard geckos
  7 orcs
  A giant cockroach (D:3)
  5 goblins
  5 hobgoblins
  2 quokkas (D:2)
  7 bats
  2 frilled lizards
  10 kobolds
  7 rats
59 creatures vanquished.

Notes
Turn   | Place    | Note
-------+----------+-------------------------------------------
     0 | D:1      | NixNut the Human Wanderer began the quest for the Orb.
     0 | D:1      | NixNut set off with: a +0 shield, a scroll of teleportation, the Collected Works on Moulding, a +0 robe, a +0 club, a +0 dagger, a ration
     0 | D:1      | Reached XP level 1. HP: 16/16 MP: 3/3
     0 | D:1      | Identified the Collected Works on Moulding
     2 | D:1      | Learned a level 1 spell: Beastly Appendage
   604 | D:1      | Reached XP level 2. HP: 19/22 MP: 5/5
   953 | D:1      | HP: 1/22 [kobold/short sword (2)]
  1689 | D:1      | Reached XP level 3. HP: 26/27 MP: 6/6
  1694 | D:1      | Learned a level 3 spell: Spider Form
  2226 | D:2      | Reached XP level 4. HP: 31/33 MP: 4/7
  2469 | D:2      | Reached skill level 1 in Poison Magic
  2522 | D:2      | Found a snail-covered altar of Cheibriados.
  2532 | D:2      | Noticed Terence
  2546 | D:2      | Killed Terence
  2546 | D:2      | Reached skill level 1 in Dodging
  2559 | D:2      | Reached XP level 5. HP: 20/38 MP: 6/8
  4066 | D:3      | Killed from afar by an orc priest

Vault maps used:
D:1:      dpeg_arrival_tiny_a, minmay_split_cup_small
D:2:      kennysheep_slug_shrine, first_ration, st_stairs_9, uniq_terence
D:3:      serial_bayou_ford_a, minivault_27

Skill      XL: |  1  2  3  4  5 |
---------------+----------------+-----
Transmutations | 2 |  2.8
Poison Magic   | 1 2 |  2.3
Dodging        | 1 |  1.3
Fighting       | |  2.0
Short Blades   | |  0.7
Stealth        | |  2.5
Shields        | |  1.0
Spellcasting   | |  2.8
Ice Magic      | |  2.0

Action                   |  1- 3 |  4- 6 || total
-------------------------+-------+-------++-------
Melee: Dagger            |    94 |    83 ||   177
       Kick              |     1 |     4 ||     5
       Unarmed           |    18 |    44 ||    62
 Cast: Beastly Appendage |     3 |     2 ||     5
       Spider Form       |     4 |     8 ||    12
  Use: Scroll            |     1 |       ||     1
 Stab: Sleeping          |     3 |     1 ||     4
  Eat: Ration            |     1 |       ||     1
       Chunk             |     2 |     7 ||     9
Armor: Robe              |    33 |    12 ||    45
       Skin              |     3 |     2 ||     5
Dodge: Dodged            |   107 |   102 ||   209

Table legend:
 A = Spawn XP
 B = Non-spawn XP
 C = Spawn XP percentage of total XP
 D = Spawn monster count
 E = Non-spawn monster count
 F = Spawn count percentage of total count
 G = Total turns spent on level
                    A         B        C        D         E        F      G
               +---------+---------+-------+---------+---------+-------+---------
         Total |       0 |     241 |   0.0 |       0 |      59 |   0.0 |  4066
               +---------+---------+-------+---------+---------+-------+---------
           D:1 |       0 |      42 |   0.0 |       0 |      25 |   0.0 |  2436
           D:2 |       0 |     135 |   0.0 |       0 |      25 |   0.0 |  1384
           D:3 |       0 |      64 |   0.0 |       0 |       9 |   0.0 |   246
               +---------+---------+-------+---------+---------+-------+---------
